 Dungeon Crawl Stone Soup version 0.30-a0-374-g95c0257040 (webtiles) character file.

Game seed: 8748118109578669956

6 KennySheep the Conjurer (level 1, 0/15 HPs)
             Began as a Deep Elf Conjurer on Nov 27, 2022.
             Was a Follower of Trog.
             Slain by a jackal (2 damage)
             ... on level 1 of the Dungeon.
             The game lasted 00:01:00 (194 turns).

KennySheep the Conjurer (Deep Elf Conjurer)          Turns: 194, Time: 00:01:01

Health: 0/15       AC:  2    Str:  4    XL:     1   Next: 75%
Magic:  6/6        EV: 12    Int: 22    God:    Trog [*.....]
Gold:   12         SH:  0    Dex: 13    Spells: 5/6 levels left

rFire   . . .      SeeInvis .    (no weapon)
rCold   . . .      Faith    .    (no shield)
rNeg    . . .      Spirit   .    a - +0 robe
rPois   .          Reflect  .    (no helmet)
rElec   .          Harm     .    (no cloak)
rCorr   .          Rampage  .    (no gloves)
Will    .....                    (no boots)
Stlth   ..........               (no amulet)
HPRegen 0.22/turn                (no ring)
MPRegen 0.10/turn                (no ring)

@: berserking, very quick
A: no striking features
a: Renounce Religion, Berserk


You were on level 1 of the Dungeon.
You worshipped Trog.
Trog was aware of your devotion.
You visited 1 branch of the dungeon, and saw 1 of its levels.

You collected 12 gold pieces.

Inventory:

Armour
 a - a +0 robe (worn)
Potions
 b - a potion of magic
 c - a potion of mutation {unknown}


   Skills:
 + Level 0.1 Fighting
 * Level 0.5 Ranged Weapons
 + Level 2.4 Dodging
 - Level 2.4 Stealth
 - Level 3.1 Spellcasting
 - Level 4.5 Conjurations
 - Level 0.5 Translocations


You had 5 spell levels left.
You knew the following spells:

 Your Spells              Type           Power      Damage    Failure   Level
a - Magic Dart            Conj           92%        1d7       1%          1

Your spell library contained the following spells:

 Spells                   Type           Power      Damage    Failure   Level
 Searing Ray              Conj           46%        2d6       3%          2
 Dazzling Flash           Conj/Hex       26%        N/A       14%         3
 Iskenderun's Mystic Bla  Conj/Tloc      14%        2d5       41%         4
 Fulminant Prism          Conj/Hex       6%         3d7       43%         4


Dungeon Overview and Level Annotations

Branches:
Dungeon (1/15)

Altars:
Trog


Message History

You barely miss the rat.
You recover from your berserk rage.
The ball python hisses angrily.
You hear a bark!
The rat barely misses you.
A jackal comes into view.
You closely miss the rat.
A jackal comes into view.
The ball python bites you. The ball python grabs you.
The ball python constricts you. The rat bites you.
You closely miss the ball python.
The ball python bites you but does no damage.
The ball python constricts you. The rat barely misses you.
You escape the ball python's grasp.
The ball python attacks as you move away!
The ball python completely misses you.
A red film seems to cover your vision as you go berserk!
You feel yourself moving faster!
You feel mighty! The jackal misses you. The ball python bites you.
* * * LOW HITPOINT WARNING * * *
The ball python barely misses you. The rat misses you.
You hit the rat.
You kill the rat!
Trog accepts your kill.
The jackal bites you but does no damage.
The ball python misses you. The ball python closely misses you.
The frilled lizard closely misses you. The jackal closely misses you.
You see here a rat corpse.
You punch the ball python!
You kill the ball python!
Trog accepts your kill. The jackal completely misses you.
The frilled lizard barely misses you. The jackal bites you.
* * * LOW HITPOINT WARNING * * *
You see here a ball python corpse.
You feel a strong urge to attack something.
You hit the frilled lizard.
You kill the frilled lizard!
Trog accepts your kill. The jackal bites you.
You die...

.....##.####
.+...<..
....###....#
#......
......#....#
#######
!..........#
#.[....
......#....#
+.>.>.>
...##.#....#
#...... ..
#....###
#######
#.###†.##
#...@h..#
######.......
#.#####. ...
...# ...#
..###


You could see a jackal.

Vanquished Creatures
  A dart slug (D:1)
  A quokka (D:1)
  A ball python (D:1)
  A frilled lizard (D:1)
  2 rats (D:1)
6 creatures vanquished.

Notes
Turn   | Place    | Note
-------+----------+-------------------------------------------
     0 | D:1      | KennySheep the Deep Elf Conjurer began the quest for the
                  | Orb.
     0 | D:1      | Reached XP level 1. HP: 10/10 MP: 6/6
    95 | D:1      | Found a faded altar of an unknown god.
   109 | D:1      | Prayed at the altar of an unknown god.
   109 | D:1      | Became a worshipper of Trog the Wrathful
   109 | D:1      | Reached * piety under Trog
   194 | D:1      | Slain by a jackal

Illustrated notes

Levels and vault maps discovered:
D:1:      minmay_arrival_up_and_down, layout_rooms,
          chequers_ecumenical_altar_simple_redux, minmay_indecisive_spiral

Action                   || total
-------------------------++-------
Melee: Unarmed           ||    19
       Punch             ||     1
 Cast: Magic Dart        ||     9
Invok: Berserk           ||     2
Armor: Robe              ||     4
Dodge: Dodged            ||    16

Table legend: (Time is in decaauts)
 A = Elapsed time spent in this place.
 B = Non-inter-level travel time spent in this place.
 C = Inter-level travel time spent in this place.
 D = Time resting spent in this place.
 E = Time spent auto-exploring this place.
 F = Levels seen in this place.
 G = Mean time per level.
                   A        B        C        D        E       F      G
               +--------+--------+--------+--------+--------+-----+--------+
         Total |    203 |    203 |      0 |     40 |     91 |   1 |  203.0 |
       Dungeon |    203 |    203 |      0 |     40 |     91 |   1 |  203.0 |
               +--------+--------+--------+--------+--------+-----+--------+

Top non-repeatable levels by time:
     D:1: 203 daAuts
